Map: Oxide LE

Players

Rail - Winner!

  • Race: Protoss Protoss
  • League: Master
  • Spawn Location: 1:00

PtitDrogo

  • Race: Protoss Protoss
  • Spawn Location: 7:00

Event: DreamHack SC2 Masters 2020 Winter

VOD

Have the link to the VOD?

Description

Time

  • Played on: Oct. 24, 2020, 11:41 a.m.
  • Length: 14:04

All games in this series

Show
View Real Time Build Order
Export as new Build Order

Rail Protoss - Winner!

Build Orders: Colossus Rush 

Get SALT Encoding   

  12  0:01  Probe  
  13  0:13  Probe  
  14  0:17  Pylon  
  14  0:25  Probe (Chrono Boost)  
  15  0:36  Gateway  
  15  0:37  Probe (Chrono Boost)  
  16  0:44  Probe (Chrono Boost)  
  16  0:47  Assimilator  
  17  0:51  Probe  
  18  1:03  Probe (Chrono Boost)  
  19  1:05  Assimilator  
  19  1:10  Gateway  
  19  1:13  Probe (Chrono Boost)  
  19  1:18  Probe (Chrono Boost)  
  20  1:25  Cybernetics Core  
  21  1:30  Probe  
  22  1:35  Pylon  
  22  1:42  Probe  
  23  1:54  Probe  
  24  2:01  Stalker, Warp Gate  
  24  2:06  Sentry  
  28  2:10  Probe  
  29  2:17  Pylon  
  29  2:34  Stalker  
  31  2:42  Nexus  
  31  2:47  Stalker  
  33  2:59  Shield Battery  
  33  3:05  Probe  
  33  3:11  Robotics Facility  
  33  3:23  Gateway  
  33  3:28  Twilight Council  
  33  3:32  Probe  
  34  3:44  Probe (Chrono Boost)  
  34  3:45  Forge  
  35  3:49  Gateway  
  35  3:51  Shield Battery  
  35  3:54  Probe (Chrono Boost)  
  36  3:56  Probe (Chrono Boost)  
  36  4:01  Observer  
  38  4:04  Probe x2 (Chrono Boost)  
  38  4:08  Robotics Bay  
  40  4:15  Stalker  
  42  4:22  Gateway  
  42  4:28  Shield Battery  
  42  4:31  Stalker  
  38  4:39  Probe x2 (Chrono Boost)  
  38  4:51  Probe x2 (Chrono Boost)  
  40  4:58  Probe x2 (Chrono Boost)  
  42  5:02  Colossus  
  49  5:07  Probe (Chrono Boost)  
  49  5:08  Probe (Chrono Boost)  
  50  5:16  Charge (Chrono Boost)  
  50  5:18  Protoss Ground Weapons Level 1  
  50  5:20  Probe x2 (Chrono Boost)  
  54  5:28  Probe (Chrono Boost)  
  54  5:29  Pylon, Probe (Chrono Boost)  
  54  5:43  Pylon  
  54  5:47  Probe x2  
  54  5:48  Gateway x2  
  56  5:55  Warp Prism (Chrono Boost)  
  56  5:59  Probe  
  56  6:00  Sentry  
  61  6:13  Pylon  
  61  6:17  Nexus  
  61  6:20  Probe  
  61  6:22  Zealot  
  61  6:23  Observer  
  65  6:26  Zealot  
  65  6:31  Zealot  
  69  6:37  Pylon  
  69  6:42  Zealot  
  69  6:43  Zealot  
  71  6:47  Zealot  
  71  6:48  Zealot  
  73  7:01  Zealot  
  73  7:04  Pylon  
  73  7:06  Pylon  
  75  7:11  Zealot  
  75  7:13  Pylon  
  77  7:20  Probe  
  78  7:27  Immortal  
  78  7:29  Zealot  
  84  7:30  Zealot x2  
  84  7:36  Probe  
  84  7:37  Zealot  
  77  7:39  Zealot  
  77  7:40  Probe  
  77  7:43  Probe  
  79  7:49  Probe  
  74  7:52  Probe  
  74  7:54  Pylon  
  74  7:55  Zealot x3, Probe  
  74  7:56  Blink (Chrono Boost)  
  80  8:00  Zealot  
  80  8:01  Zealot  
  82  8:08  Warp Prism  
  82  8:09  Probe  
  79  8:20  Stalker x2  
  79  8:26  Stalker  
  85  8:31  Stalker  
  85  8:33  Shield Battery  
  87  8:36  Stalker  
  89  8:41  Gateway  
  89  8:44  Sentry  
  89  8:46  Stalker  
  91  8:52  Probe x2  
  91  8:56  Observer  
  91  8:57  Probe  
  91  8:59  Stalker  
  91  9:00  Protoss Ground Weapons Level 2 (Chrono Boost)  
  94  9:04  Probe  
  94  9:08  Probe  
  94  9:09  Photon Cannon  
  96  9:12  Photon Cannon  
  96  9:21  Stalker x3  
  102  9:28  Photon Cannon  
  102  9:31  Stalker  
  104  9:35  Stalker  
  104  9:36  Assimilator  
  106  9:40  Probe  
  106  9:41  Pylon  
  106  9:42  Stalker  
  109  9:49  Stalker  
  111  9:57  Pylon  
  111  10:00  Stalker, Phoenix x2  
  111  10:01  Zealot x3  
  119  10:12  Zealot  
  119  10:13  Pylon x2, Zealot  
  123  10:23  Gateway, Zealot x2  
  123  10:24  Gateway  
  127  10:34  Robotics Bay  
  127  10:38  Probe  
  120  10:47  Photon Cannon, Zealot x3  
  126  10:50  Probe  
  126  10:55  Zealot x2  
  131  11:01  Disruptor (Chrono Boost)  
  131  11:02  Probe  
  131  11:03  Probe  
  129  11:04  Pylon  
  129  11:08  Pylon  
  132  11:11  Zealot  
  132  11:13  Assimilator, Stalker x2  
  132  11:15  Probe x2  
  140  11:24  Stalker x2  
  144  11:29  Pylon  
  144  11:31  Photon Cannon  
  144  11:41  Assimilator  
  144  11:42  Probe  
  144  11:43  Pylon  
  145  11:50  Colossus (Chrono Boost)  
  151  11:58  Pylon  
  151  12:02  Probe  
  151  12:04  Probe  
  151  12:08  Assimilator  
  153  12:14  Probe  
  153  12:15  Pylon  
  154  12:16  Probe  
  154  12:17  Stalker, Zealot  
  159  12:35  Robotics Facility  
  153  12:39  Photon Cannon  
  153  12:40  Colossus (Chrono Boost)  
  153  12:43  Photon Cannon  
  159  12:46  Photon Cannon  
  159  12:51  Stalker x2  
  163  12:56  Stalker x2  
  167  13:03  Stalker  
  165  13:13  Stalker x3  
  165  13:16  Stalker  
  171  13:26  Stalker  
  173  13:30  Stalker, Zealot x2  
  167  13:37  Stalker, Zealot  
  167  13:38  Zealot  
  173  13:43  Zealot  
  166  14:00  Stalker, Zealot x4  
Show
View Real Time Build Order
Export as new Build Order

PtitDrogo Protoss 

Build Orders:  

Get SALT Encoding   

  12  0:00  Probe  
  13  0:12  Probe  
  14  0:17  Pylon  
  14  0:24  Probe (Chrono Boost)  
  15  0:36  Probe (Chrono Boost)  
  15  0:37  Gateway  
  16  0:45  Probe (Chrono Boost)  
  16  0:46  Assimilator  
  17  0:51  Probe  
  17  0:54  Assimilator  
  18  1:03  Probe (Chrono Boost)  
  19  1:08  Gateway  
  19  1:13  Probe (Chrono Boost)  
  19  1:18  Probe (Chrono Boost)  
  21  1:27  Cybernetics Core  
  21  1:29  Probe  
  22  1:39  Pylon  
  22  1:41  Probe  
  23  2:01  Warp Gate (Chrono Boost)  
  23  2:03  Adept x2  
  23  2:08  Pylon, Probe  
  28  2:33  Adept x2  
  31  2:46  Nexus  
  31  2:53  Probe  
  32  3:03  Adept x2  
  32  3:05  Probe  
  37  3:10  Pylon  
  37  3:17  Probe  
  38  3:28  Twilight Council  
  38  3:29  Probe  
  39  3:41  Adept x2  
  39  3:44  Probe (Chrono Boost)  
  45  3:56  Forge, Probe (Chrono Boost)  
  45  4:01  Probe (Chrono Boost)  
  45  4:02  Sentry x2  
  50  4:07  Probe (Chrono Boost)  
  50  4:09  Probe (Chrono Boost)  
  52  4:21  Probe  
  49  4:24  Probe  
  49  4:28  Phoenix  
  50  4:33  Probe  
  50  4:37  Probe  
  46  4:41  Blink (Chrono Boost)  
  46  4:43  Stalker x2, Protoss Ground Weapons Level 1 (Chrono Boost)  
  46  4:46  Phoenix, Probe  
  46  4:49  Probe  
  46  4:52  Shield Battery  
  46  4:58  Probe  
  47  5:00  Assimilator  
  47  5:01  Probe  
  48  5:08  Sentry  
  48  5:09  Stalker  
  48  5:10  Probe  
  48  5:13  Probe  
  54  5:22  Robotics Facility, Probe  
  54  5:25  Nexus  
  54  5:27  Pylon  
  55  5:28  Probe  
  55  5:34  Probe  
  57  5:38  Stalker x2  
  61  5:43  Probe  
  61  5:47  Gateway  
  62  5:52  Gateway  
  62  6:04  Stalker  
  62  6:05  Gateway  
  62  6:06  Gateway  
  62  6:11  Stalker  
  70  6:18  Immortal (Chrono Boost)  
  70  6:22  Pylon  
  70  6:25  Pylon  
  70  6:29  Pylon, Shield Battery  
  70  6:38  Stalker x2  
  68  7:01  Stalker x2, Protoss Ground Weapons Level 2 (Chrono Boost)  
  68  7:02  Stalker x2  
  68  7:03  Probe  
  68  7:04  Probe  
  68  7:05  Probe  
  79  7:11  Stalker  
  79  7:13  Stalker  
  83  7:15  Probe  
  80  7:36  Probe  
  69  7:37  Stalker x5  
  69  7:42  Stalker  
  61  8:00  Stalker x4  
  61  8:01  Zealot  
  49  8:13  Stalker  
  49  8:20  Assimilator  
  49  8:23  Shield Battery  
  49  8:25  Zealot x5  
  59  8:34  Dark Shrine  
  59  8:44  Zealot  
  61  8:48  Nexus  
  59  9:05  Zealot x6  
  59  9:09  Pylon  
  67  9:18  Templar Archives  
  67  9:22  Pylon  
  67  9:43  Pylon, Observer (Chrono Boost)  
  67  9:45  Probe x2  
  70  9:47  Charge (Chrono Boost)  
  70  9:57  Probe x2  
  70  9:58  Dark Templar x4  
  79  10:04  Dark Templar  
  78  10:13  Pylon  
  77  10:14  Stalker  
  75  10:36  Dark Templar  
  75  10:37  Dark Templar  
  75  10:38  Zealot  
  75  10:39  Zealot x3  
  85  10:43  Archon  
  85  10:47  Archon  
  85  10:51  Nexus  
  85  10:58  Observer  
  85  11:03  Dark Templar  
  87  11:05  Pylon  
  87  11:08  Archon  
  87  11:10  Stalker  
  89  11:12  Stalker  
  91  11:24  Robotics Bay  
  91  11:25  Probe  
  92  11:26  Probe  
  93  11:37  Probe  
  93  11:39  Probe  
  93  11:46  Robotics Facility  
  93  11:48  Stalker x2  
  93  11:49  Observer (Chrono Boost), Probe  
  99  12:09  Nexus  
  99  12:10  Sentry  
  101  12:16  Pylon  
  101  12:17  Pylon  
  100  12:32  Disruptor (Chrono Boost)  
  100  12:33  Disruptor (Chrono Boost)  
  100  12:37  Pylon  
  96  12:56  Shield Battery  
  96  12:57  Disruptor (Chrono Boost), Shield Battery  
  96  12:58  Observer  
  96  13:00  Shield Battery  
  96  13:03  Disruptor (Chrono Boost)  
  96  13:23  Disruptor (Chrono Boost)  
  99  13:28  Disruptor (Chrono Boost)  
  101  13:37  Probe  
  101  13:38  Probe  
  103  13:49  Assimilator  
  103  13:50  Assimilator  
  102  14:00  Stalker x2, Zealot  
  102  14:01  Zealot  
Tags
 
Add a new tag
Caveats
  • Supply blocks, unpowered buildings, or Contaminate may cause inaccurate times.
  • Supply counts are checked every 10 seconds.